 Dungeon Crawl Stone Soup version 0.18-a0-1243-g9e52518 (webtiles) character file.

2186 Azzok the Grappler (level 9, -27/89 HPs)
             Began as a Troll Fighter on Feb 5, 2016.
             Annihilated by Azzok's ghost (38 damage)
             ... on level 6 of the Dungeon.
             The game lasted 00:17:41 (4252 turns).

Azzok the Grappler (Troll Fighter)                  Turns: 4252, Time: 00:17:41

Health: -27/89     AC:  8    Str: 29    XL:     9   Next: 11%
Magic:  8/8        EV:  8    Int:  4    God:
Gold:   175        SH:  9    Dex:  9    Spells: 0 memorised, 8 levels left

rFire  . . .     SeeInvis .       - Unarmed
rCold  + . .     Gourm    +     A - +2 animal skin
rNeg   . . .     Faith    .     b - +0 shield
rPois  .         Spirit   .     (helmet restricted)
rElec  .         Dismiss  .     s - +0 cloak
rCorr  .         Reflect  .     (gloves unavailable)
SustAt +         Harm     .     (boots unavailable)
MR     .....                    (no amulet)
Stlth  +.........               y - ring of sustain attributes
                                u - ring of protection from cold

@: not resistant to hostile enchantments, very unstealthy
A: unfitting armour, claws 3, fast metabolism 3, gourmand, regeneration 2,
shaggy fur 1, tough skin 2
a: no special abilities


You were on level 6 of the Dungeon.
You were very full.

You visited 2 branches of the dungeon, and saw 7 of its levels.
You also visited: Sewer.

You collected 175 gold pieces.

Inventory:

Hand Weapons
 E - a cursed +0 giant spiked club
Armour
 b - a +0 shield (worn)
 s - a +0 cloak (worn)
 A - a +2 animal skin (worn)
Jewellery
 u - a ring of protection from cold (left claw)
 y - a ring of sustain attributes (right claw)
 D - an uncursed amulet of guardian spirit {unknown}
Wands
 w - a wand of flame (12/48)
 G - a wand of lightning (8/15)
Scrolls
 e - 6 scrolls of identify
 f - 4 scrolls of noise {unknown}
 j - a scroll of fog {unknown}
 k - 2 scrolls of remove curse {unknown}
 l - 2 scrolls of enchant armour {unknown}
 n - 5 scrolls of teleportation {unknown}
 q - a scroll of random uselessness {unknown}
 x - 5 scrolls of blinking {unknown}
 B - a scroll of enchant weapon {unknown}
 I - 2 scrolls of amnesia {unknown}
 J - a scroll of recharging {unknown}
 K - a scroll of immolation {unknown}
Potions
 c - 2 potions of might
 h - a potion of flight {unknown}
 m - 3 potions of brilliance {unknown}
 o - 7 potions of curing {unknown}
 p - a potion of resistance {unknown}
 r - a potion of haste {unknown}
 t - 3 potions of mutation {unknown}
 v - a potion of lignification {unknown}
 z - a potion of ambrosia {unknown}
 F - a potion of poison {unknown}
 H - a potion of agility {unknown}
Comestibles
 a - 13 chunks of flesh
 d - 2 bread rations
 g - 3 meat rations
 i - a royal jelly
 C - 2 beef jerkies


   Skills:
 + Level 6.1 Fighting
   Level 0.1 Short Blades
 + Level 2.7 Maces & Flails
 - Level 2.4 Dodging
 - Level 2.4 Shields
 * Level 9.7 Unarmed Combat


You had 8 spell levels left.
You didn't know any spells.

Dungeon Overview and Level Annotations

Branches:
Dungeon (6/15)             Temple (1/1) D:5

Altars:
Ashenzari
Cheibriados
Elyvilon
Fedhas
Gozag
Makhleb
Nemelex Xobeh
Pakellas
Qazlal
Ru
Sif Muna
Xom
Yredelemnul
Zin

Shops:
D:4 =

Annotations:
D:6 Azzok's ghost, novice OgHu


Innate Abilities, Weirdness & Mutations

You are too large for most types of armour.
You have claws for hands.
Your metabolism is lightning-fast.
You like to eat raw meat.
You heal very quickly.
You are covered in fur (AC +1).
You have very tough skin (AC +2).


Message History

Azzok's ghost sneers, "Do you call that fighting?"
Azzok's ghost hits you but does no damage.
Some of the chunks of flesh in your inventory have rotted away.
You barely miss Azzok's ghost.
Azzok's ghost is severely damaged.
You block Azzok's ghost's attack.
You mangle Azzok's ghost!!
Azzok's ghost is almost destroyed.
Azzok's ghost hits you!
You closely miss Azzok's ghost.
Azzok's ghost is almost destroyed.
Azzok's ghost hits you!!
* * * LOW HITPOINT WARNING * * *
You closely miss Azzok's ghost.
Azzok's ghost is almost destroyed.
Azzok's ghost closely misses you.
You closely miss Azzok's ghost.
Azzok's ghost is almost destroyed.
Azzok's ghost hits you!!!
You die...

#.# #.### #.#.......##.####
###.###...# #.#####.#........
..........# #.............###
###.#.#...#######.#######.##.####
#.#.##....[)....# #.##.....
#.#.##.########.# #.#######
###.#.##.# ##.#### #.# ....#.##.#
#W....# #.##### #####.##.#
###@.<..####.#...##
#####.##.#####.............###.##
...##..#.......#.....####.## ##.#
##.###.#.#####.#.....####.# #..
#.# #.#.# #.#####....#.## ##.#
#.# #.#.# ##.# #.##.##.###.## #.#
#.#.# #..#####.##.###...## #.#
#...###.#.......##.# ##.## #.#
#..###.#####.#####.# #.#


You could see Azzok's ghost.

Vanquished Creatures
  Grinder (D:4)
  Sigmund (D:3)
  Menkaure (D:4)
  An orc warrior (D:6)
  2 phantoms
  2 ogres (D:4)
  2 centaurs (D:5)
  2 giant frogs
  A gnoll sergeant (D:5)
  2 scorpions (D:5)
  2 hounds (D:6)
  3 orc priests
  6 orc wizards
  2 iguanas (D:5)
  5 worker ants
  2 hound zombies
  Robin (D:3)
  15 adders
  3 gnolls (D:5)
  A shadow imp (D:6)
  A worm (D:4)
  5 giant geckos
  20 orcs
  4 bats
  15 giant cockroaches
  11 goblins
  15 hobgoblins
  6 jackals (D:4)
  2 quokkas (D:5)
  3 ball pythons
  13 giant newts
  A jackal skeleton (D:6)
  A jackal zombie (D:5)
  10 kobolds
  A quokka zombie (D:5)
  7 rats
170 creatures vanquished.

Notes
Turn   | Place    | Note
--------------------------------------------------------------
     0 | D:1      | Azzok the Troll Fighter began the quest for the Orb.
     0 | D:1      | Reached XP level 1. HP: 22/22 MP: 0/0
   182 | D:1      | Reached XP level 2. HP: 29/29 MP: 1/1
   552 | D:2      | Reached skill level 3 in Unarmed Combat
   552 | D:2      | Reached XP level 3. HP: 36/36 MP: 2/2
   657 | D:2      | Found a blossoming altar of Fedhas.
  1247 | D:3      | Reached XP level 4. HP: 44/44 MP: 3/3
  1271 | D:3      | Found a glowing drain.
  1306 | D:3      | Reached skill level 4 in Unarmed Combat
  1420 | Sewer    | Entered a sewer
  1453 | Sewer    | Reached XP level 5. HP: 53/53 MP: 4/4
  1650 | Sewer    | Reached skill level 5 in Unarmed Combat
  1728 | D:3      | Noticed Sigmund
  1736 | D:3      | Killed Sigmund
  1736 | D:3      | Reached XP level 6. HP: 55/62 MP: 5/5
  1856 | D:3      | Reached skill level 6 in Unarmed Combat
  1951 | D:3      | Noticed Robin
  1982 | D:3      | Killed Robin
  2116 | D:3      | Found a stormy altar of Qazlal.
  2270 | D:4      | Reached XP level 7. HP: 64/70 MP: 6/6
  2426 | D:4      | Noticed Grinder
  2439 | D:4      | Killed Grinder
  2439 | D:4      | Reached skill level 7 in Unarmed Combat
  2457 | D:4      | Found a shimmering altar of Xom.
  2457 | D:4      | Found a shimmering altar of Xom.
  2457 | D:4      | Found a shimmering altar of Xom.
  2459 | D:4      | Found a shimmering altar of Xom.
  2460 | D:4      | Found a shimmering altar of Xom.
  2503 | D:4      | Noticed Menkaure
  2516 | D:4      | Killed Menkaure
  2516 | D:4      | Reached skill level 5 in Fighting
  2516 | D:4      | Reached XP level 8. HP: 45/80 MP: 7/7
  2634 | D:4      | Reached skill level 8 in Unarmed Combat
  2690 | D:4      | Found Noheh's Jewellery Shop.
  2971 | D:5      | Entered Level 5 of the Dungeon
  3079 | D:5      | Reached skill level 1 in Maces & Flails
  3300 | D:5      | Reached skill level 9 in Unarmed Combat
  3323 | D:5      | Found a staircase to the Ecumenical Temple.
  3327 | Temple   | Entered the Ecumenical Temple
  4036 | D:6      | Found a shattered altar of Ashenzari.
  4044 | D:6      | Reached XP level 9. HP: 89/89 MP: 8/8
  4236 | D:6      | Noticed Azzok's ghost (novice OgHu)
  4252 | D:6      | Annihilated by Azzok's ghost

Vault maps used:
D:1:      lightli_arrival_quake, hangedman_abyss_or_decor_stabs
D:2:      hangedman_decor_clover_reticule, grunt_ministairs_5, fedhas_altar_4
D:3:      grunt_qazlal_clouds, first_bread, gup_sewer_entry_glass,
          kennysheep_generic_room_12, uniq_robin, uniq_sigmund
D:4:      xom_redecorated, serial_shops, nicolae_shop_waterfront,
          kennysheep_cross_room, uniq_menkaure, uniq_grinder
D:5:      minmay_temple_entry_butterflies
D:6:      kennysheep_mini_moat, gammafunk_temple_overflow_elements, basic_altar,
          grunt_ministairs_8
Temple:   circular_temple_12
Sewer:    sewer_frog_island_01

Action                   |  1- 3 |  4- 6 |  7- 9 || total
-------------------------+-------+-------+-------++-------
Melee: Unarmed           |   120 |   211 |   205 ||   536
Evoke: Wand              |       |       |     6 ||     6
  Use: Scroll            |       |     3 |     1 ||     4
 Stab: Sleeping          |     1 |       |       ||     1
  Eat: Chunk             |    17 |    10 |    18 ||    45
